 Dungeon Crawl Stone Soup version 0.26.0-16-gc1dbca0489 (webtiles) character file.

Game seed: 10380621983174665174

2670 lmSkywalker the Firebug (level 9, -1/92 HPs)
             Began as an Ogre Fire Elementalist on Jan 21, 2021.
             Slain by a hound (3 damage)
             ... on level 7 of the Dungeon on Jan 22, 2021.
             The game lasted 00:51:36 (12418 turns).

lmSkywalker the Firebug (Ogre Fire Elementalist)   Turns: 12418, Time: 00:51:38

Health: -1/92      AC:  8    Str: 14    XL:     9   Next: 63%
Magic:  4/12       EV:  9    Int: 25    God:
Gold:   424        SH: 10    Dex:  9    Spells: 8/12 levels left

rFire    + . .     SeeInvis .   s - +0 war axe
rCold    . . .     Faith    .   A - +2 kite shield {AC+3}
rNeg     . . .     Spirit   .   w - +2 robe {rC+}
rPois    .         Reflect  .   (helmet restricted)
rElec    .         Harm     .   (no cloak)
rCorr    .         Rampage  .   (gloves unavailable)
Will     .....                  (boots unavailable)
Stlth    +.........             (no amulet)
HPRegen  0.25/turn              z - +6 ring of intelligence
MPRegen  0.13/turn              x - ring of fire

@: no status effects
A: large, unfitting armour, tough skin 1
a: no special abilities


You were on level 7 of the Dungeon.
You visited 2 branches of the dungeon, and saw 8 of its levels.
You also visited: Sewer.

You collected 424 gold pieces.

Inventory:

Hand Weapons
 s - a +0 war axe (weapon)
 B - a +1 vorpal flail
Missiles
 a - 5 javelins
 g - 5 curare-tipped darts
 j - 207 stones (quivered)
 p - a throwing net
Armour
 i - a +0 kite shield
 w - a +2 robe of cold resistance (worn)
 A - a +2 kite shield of protection (worn)
Magical Staves
 y - an uncursed staff of earth
 H - an uncursed staff of death {unknown}
Jewellery
 e - an uncursed ring of wizardry
 t - an uncursed ring of flight
 x - a ring of fire (right hand)
 z - a +6 ring of intelligence (left hand)
Wands
 q - a wand of flame (10)
 F - a wand of polymorph (8)
Scrolls
 o - 3 scrolls of remove curse
 u - 3 scrolls of blinking
 v - 2 scrolls of teleportation
 D - a scroll of immolation {unknown}
 E - a scroll of noise {unknown}
 G - a scroll of identify
Potions
 b - 5 potions of curing
 c - a potion of brilliance {unknown}
 d - 2 potions of mutation {unknown}
 f - 4 potions of flight
 h - 8 potions of might
 k - a potion of magic {unknown}
 l - 4 potions of heal wounds
 m - a potion of haste
 n - 2 potions of berserk rage {unknown}
 r - a potion of cancellation {unknown}
 C - 2 potions of lignification {unknown}


   Skills:
 + Level 6.4 Fighting
 - Level 3.0 Axes
 - Level 2.9 Dodging
 - Level 1.4 Stealth
 + Level 4.8 Shields
 + Level 2.4 Spellcasting
 + Level 6.1 Conjurations
 + Level 6.8 Fire Magic


You had 8 spell levels left.
You knew the following spells:

 Your Spells              Type           Power        Failure   Level
a - Foxfire               Conj/Fire      100%         1%          1
b - Conjure Flame         Conj/Fire      52%          5%          3

Your spell library contained the following spells:

 Spells                   Type           Power        Failure   Level
 Inner Flame              Hex/Fire       30%          19%         3
 Sticky Flame             Conj/Fire      52%          19%         4
 Animate Skeleton         Necr           6%           26%         1
 Pain                     Necr           12%          26%         1
 Fireball                 Conj/Fire      26%          45%         5
 Vampiric Draining        Necr           1%           61%         3
 Animate Dead             Necr           1%           95%         4
 Agony                    Necr           3%           100%        5


Dungeon Overview and Level Annotations

Branches:
Dungeon (7/15)             Temple (1/1) D:6           Sewer (visited)

Altars:
Dithmenos
Elyvilon
Fedhas
Gozag
Hepliaklqana
Kikubaaqudgha
Makhleb
Nemelex Xobeh
Okawaru
Qazlal
Ru
Sif Muna
Uskayaw
Wu Jian
Xom
Yredelemnul
Zin
The Shining One


Innate Abilities, Weirdness & Mutations

You are too large for most types of armour.
You have tough skin. (AC +1)


Message History

The magic dart hits you.
The ice beast hits you but does no damage.
The orc warrior hits you with a +0 glaive!!
* * * LOW HITPOINT WARNING * * *
The orc wizard mumbles some strange words.
The orc wizard blinks!
The hound barely misses you.
The orc wizard gestures at you while chanting.
The magic dart hits you.
* * * LOW HITPOINT WARNING * * *
You block the orc warrior's attack. You block the orc wizard's attack.
The orc wizard gestures wildly while chanting.
The orc wizard blinks!
You block the hound's attack.
The orc warrior hits you from afar with a +0 glaive!
* * * LOW HITPOINT WARNING * * *
The hound pauses to sniff the ground.
You block the orc wizard's attack. The hound bites you but does no damage.
The orc wizard hits you but does no damage.
You block the orc wizard's attack. The hound bites you.
You die...

≈≈≈#≈..###............#.......(..
≈#≈≈≈...###'##........#..........
≈≈≈≈....##..##........#..........
≈≈#≈.....#............#..........
#≈≈≈.....#............#..........
≈≈≈..#..##.###....###.########..#
≈#≈.##..##.###....##..###########
≈≈≈..............o..............#
................@h.Yo...........#
#...##.....#########...##########
#>..##.....##.....##...###..# .#
#...##.....##......o...#....+ ...
#...#.............)#...#....#....
+...+.............##.).)........#
##..##.....##...[<##....##.##..+#
##..##..[..##...)..#...##...##
+..................#...#.###.#


You could see an orc warrior, an ice beast, a hound and an orc wizard (fast).

Vanquished Creatures
  A sky beast (D:6)
  2 black bears
  2 phantoms
  A necrophage (D:7)
  2 ogres
  2 centaurs
  2 big kobolds (Sewer)
  Blork the orc (D:5)
  7 bullfrogs
  A scorpion (D:5)
  4 killer bees (D:7)
  A jelly (D:7)
  6 orc priests
  A hound (D:7)
  6 orc wizards
  A bullfrog skeleton (D:6)
  A centaur skeleton (D:6)
  Ijyb (D:3)
  3 worker ants
  A killer bee zombie (D:5)
  Robin (D:2)
  3 gnolls (D:7)
  10 adders
  3 river rats (Sewer)
  A white imp (D:6)
  An ufetubus (D:7)
  An ooze (D:7)
  4 worms
  A dart slug (D:2)
  3 leopard geckos
  25 orcs
  2 giant cockroaches
  10 hobgoblins
  3 jackals (D:3)
  17 kobolds
  A quokka (D:2)
  8 ball pythons
  11 bats
  4 frilled lizards
  16 goblins
  A jackal skeleton (D:7)
  40 rats
212 creatures vanquished.

Vanquished Creatures (others)
  638 foxfires
638 creatures vanquished.

Grand Total: 850 creatures vanquished

Notes
Turn   | Place    | Note
-------+----------+-------------------------------------------
     0 | D:1      | lmSkywalker the Ogre Fire Elementalist began the quest for
                  | the Orb.
     0 | D:1      | Reached XP level 1. HP: 16/16 MP: 3/3
    40 | D:1      | Reached skill level 1 in Conjurations
   299 | D:1      | Reached XP level 2. HP: 20/24 MP: 1/5
  1207 | D:2      | Found a burning altar of Makhleb.
  1222 | D:2      | Reached XP level 3. HP: 31/31 MP: 2/6
  1329 | D:2      | Noticed Robin
  1439 | D:2      | Killed Robin
  1540 | D:2      | Reached XP level 4. HP: 31/39 MP: 5/7
  2236 | D:2      | Noticed a green death
  2240 | D:2      | Noticed a ynoxinul
  2240 | D:2      | Noticed an orange demon
  2623 | D:3      | Noticed Ijyb
  2651 | D:3      | Killed Ijyb
  2652 | D:3      | Reached XP level 5. HP: 16/45 MP: 0/8
  3161 | D:3      | Found a basalt altar of Yredelemnul.
  3619 | D:3      | Reached skill level 1 in Axes
  3860 | D:3      | Found an ornate altar of the Wu Jian Council.
  4043 | D:4      | Found a glowing drain.
  4052 | D:4      | Noticed an ogre
  4062 | D:4      | Killed an ogre
  4063 | D:4      | Reached XP level 6. HP: 20/53 MP: 4/9
  4299 | Sewer    | Entered a sewer
  4602 | Sewer    | Reached skill level 1 in Shields
  5002 | Sewer    | Reached XP level 7. HP: 10/59 MP: 1/10
  5291 | Sewer    | Learned a level 3 spell: Conjure Flame
  6958 | D:5      | Entered Level 5 of the Dungeon
  7009 | D:5      | Reached skill level 5 in Fire Magic
  7061 | D:5      | Noticed Blork the orc
  7074 | D:5      | Killed Blork the orc
  7075 | D:5      | Reached skill level 1 in Fighting
  7620 | D:5      | Found a white marble altar of Elyvilon.
  7623 | D:5      | Found an ancient bone altar of Kikubaaqudgha.
  7627 | D:5      | Found an iron altar of Okawaru.
  7627 | D:5      | Found a shimmering blue altar of Sif Muna.
  8703 | D:5      | Reached XP level 8. HP: 27/72 MP: 7/11
  9709 | D:6      | Reached skill level 5 in Conjurations
  9821 | D:6      | Found a hide-covered altar of Uskayaw.
  9930 | D:6      | Found a staircase to the Ecumenical Temple.
 10047 | Temple   | Entered the Ecumenical Temple
 10346 | D:6      | Reached XP level 9. HP: 87/87 MP: 4/12
 10563 | D:6      | Reached skill level 5 in Fighting
 12262 | D:7      | Found a shadowy altar of Dithmenos.
 12414 | D:7      | HP: 1/92 [orc warrior/+0 glaive (11)]
 12418 | D:7      | Slain by a hound

Illustrated notes

Levels and vault maps discovered:
D:1:      psy_arrival_dodecagon, layout_basic, minmay_pentomino_p2
D:2:      layout_rooms, amcnicky_mini_rare_corridor_liquid,
          makhleb_altar_promises_db, uniq_robin
D:3:      layout_basic, lemuel_doored_altar, nzn_wu_jian_council_hall, uniq_ijyb
D:4:      layout_loops_ring, portal_sewer_entry_c
D:5:      layout_basic, minitemple, uniq_blork_the_orc
D:6:      layout_rooms, eat_drink_and_be_merry_uskayaw, temple_pool_b,
          serial_curves, eino_curves_04, eino_curves_04
D:7:      layout_gridville, kennysheep_little_box, nicolae_lava_and_water,
          minmay_checkerbox
Temple:   nicolae_temple_figure_zero

Skill      XL: |  1  2  3  4  5  6  7  8  9 |
---------------+----------------------------+-----
Conjurations   | 1 2 3 4 5 6 |  6.1
Fire Magic     | 3 4 5 6 |  6.8
Axes           | 1 2 3 |  3.0
Dodging        | 2 |  2.9
Shields        | 1 2 3 4 |  4.8
Fighting       | 2 4 6 |  6.4
Stealth        | |  1.4
Spellcasting   | |  2.4

Action                   |  1- 3 |  4- 6 |  7- 9 || total
-------------------------+-------+-------+-------++-------
Melee: Spear             |    21 |       |       ||    21
       Unarmed           |     5 |       |       ||     5
       Mace              |    37 |    29 |       ||    66
       War axe           |       |    52 |   101 ||   153
Throw: Stone             |       |    34 |     3 ||    37
 Cast: Foxfire           |    38 |   103 |   235 ||   376
       Conjure Flame     |       |       |    36 ||    36
  Use: Scroll            |       |     3 |     6 ||     9
       Potion            |       |       |     1 ||     1
Armor: Robe              |    25 |    49 |    41 ||   115
Dodge: Dodged            |    54 |   114 |    94 ||   262
Block: Kite shield       |       |       |    47 ||    47
